 Dungeon Crawl Stone Soup version 0.29-a0-384-g6960b1960d (webtiles) character file.

Game seed: 1629429814690817161

2 bastard the Magician (level 1, 0/15 HPs)
             Began as a Djinni Summoner on May 8, 2022.
             Slain by a hobgoblin (4 damage)
             ... on level 1 of the Dungeon.
             The game lasted 00:00:13 (96 turns).

bastard the Magician (Djinni Summoner)                Turns: 96, Time: 00:00:14

Health: 0/15       AC:  2    Str:  7    XL:     1   Next: 44%
Gold:   0          EV: 12    Int: 16    God:
                   SH:  0    Dex: 13

rFire   + + .      SeeInvis .   (no weapon)
rCold   x . .      Faith    .   (no shield)
rNeg    . . .      Spirit   .   a - +0 robe
rPois   ∞          Reflect  .   (no helmet)
rElec   .          Harm     .   (no cloak)
rCorr   .          Rampage  .   (no gloves)
Will    .....                   (boots unavailable)
Stlth   ++........              (no amulet)
HPRegen 0.05/turn               (no ring)
MPRegen 0.00/turn               (no ring)

@: flying
A: sickness immunity, fire resistance 2, cold vulnerability 1, float, innate
caster, HP casting, extra vitality 1
a: no special abilities


You were on level 1 of the Dungeon.
You visited 1 branch of the dungeon, and saw 1 of its levels.

Inventory:

Armour
 a - a +0 robe (worn)


   Skills:
 - Level 2.1 Dodging
 - Level 1.5 Stealth
 + Level 3.3 Spellcasting


You couldn't memorise any spells.
You knew the following spells:

 Your Spells              Type           Power      Damage    Failure   Level
a - Summon Small Mammal   Summ           52%        N/A       4%          1
b - Call Imp              Summ           13%        N/A       7%          2
c - Call Canine Familiar  Summ           13%        N/A       14%         3
d - Summon Guardian Gole  Hex/Summ       13%        N/A       14%         3
e - Summon Lightning Spi  Summ/Air       13%        N/A       41%         4
Your spell library was empty.

Dungeon Overview and Level Annotations

Branches:
Dungeon (1/15)

Altars:


Innate Abilities, Weirdness & Mutations

You are immune to sickness and miasma.
You are immune to poison.
Your flesh is very heat resistant. (rF++)
You are vulnerable to cold. (rC-)
You float through the air rather than walking.
You learn spells naturally, not from books.
Your magical power is your life essence.
You have superior vitality. (+4 MHP)


Message History

Your rat disappears in a puff of smoke!
Your rat bites the frilled lizard.
The frilled lizard dies!
Your rat disappears in a puff of smoke!
Your bat disappears in a puff of smoke!
HP restored.
A rat comes into view.
A rat is nearby!
A rat is nearby!
Your bat barely misses the rat.
The rat misses your bat.
Your bat misses the rat. Your bat hits the rat.
Your bat hits the rat but does no damage.
The rat closely misses your bat.
Your bat closely misses the rat.
Your bat hits the rat.
Your bat barely misses the rat.
The rat closely misses your bat.
Your bat hits the rat.
The rat dies!
You see here a rat corpse.
A hobgoblin comes into view.
Found a scroll labelled YNGEHUTIAD.
A hobgoblin is nearby!
Your bat disappears in a puff of smoke!
The hobgoblin shouts!
Your quokka bites the hobgoblin but does no damage.
Your quokka barely misses the hobgoblin.
Your quokka closely misses the hobgoblin.
The hobgoblin hits you.
Your quokka bites the hobgoblin but does no damage.
The hobgoblin hits you.
Your quokka barely misses the hobgoblin.
The hobgoblin misses you.
Your quokka misses the hobgoblin. The hobgoblin hits you.
* * * LOW HITPOINT WARNING * * *
You are too injured to fight recklessly!
You are too injured to fight recklessly!
You hit the hobgoblin but do no damage.
Your quokka bites the hobgoblin.
Your quokka barely misses the hobgoblin.
The hobgoblin hits you.
You die...

... . .. . #.#####.
###...... #.......##
#......r.# #.?...g..#
#@..# #...# #####.†)# #
.........#######≈#≈
######............#
....#..................
..≈≈≈.≈≈≈≈≈≈...........#
.≈≈≈≈≈.≈≈≈≈≈≈#..########
≈≈≈≈≈≈.≈≈≈≈≈≈≈#.#


You could see a hobgoblin (ally target) and a friendly quokka (summoned).

Vanquished Creatures (collateral kills)
  A goblin (D:1)
  A frilled lizard (D:1)
  A rat (D:1)
3 creatures vanquished.

Notes
Turn   | Place    | Note
-------+----------+-------------------------------------------
     0 | D:1      | bastard the Djinni Summoner began the quest for the Orb.
     0 | D:1      | Reached XP level 1. HP: 15/15 MP: 0/0
    96 | D:1      | Slain by a hobgoblin

Illustrated notes

Levels and vault maps discovered:
D:1:      nzn_arrival_water_spiral, layout_basic,
          shapermc_ecumenical_altar_venn, chequers_serial_rivers_marsh

Action                   || total
-------------------------++-------
Melee: Unarmed           ||     1
 Cast: Summon Small Mamm ||     5
Dodge: Dodged            ||     1

Table legend: (Time is in decaauts)
 A = Elapsed time spent in this place.
 B = Non-inter-level travel time spent in this place.
 C = Inter-level travel time spent in this place.
 D = Time resting spent in this place.
 E = Time spent auto-exploring this place.
 F = Levels seen in this place.
 G = Mean time per level.
                   A        B        C        D        E       F      G
               +--------+--------+--------+--------+--------+-----+--------+
         Total |     96 |     96 |      0 |      0 |     64 |   1 |   96.0 |
       Dungeon |     96 |     96 |      0 |      0 |     64 |   1 |   96.0 |
               +--------+--------+--------+--------+--------+-----+--------+

Top non-repeatable levels by time:
     D:1: 96 daAuts
